cohdb
Replays
Latest Replays
All Replays
Popular Replays
Top Player Replays
Match Explorer
How It Works
Community
CoH3 Stats
Reddit
Sign in to upload your games and track your stats! →
Sign in with Steam
Match 43945125
Unlisted
Match 43945125
Overview
Messages
Build Orders
End
Panzergrenadier Squad
Panzergrenadier Squad
Selects Armored Support Battlegroup
Panzergrenadier Squad
Construct Light Support Kompanie
Kradschützen Motorcycle Team
2.5-tonne Medical Truck
Fire Support Elements
Construct Mechanized Kompanie
Pak 38 Mechanized Group
Forward Retreat Point
Construct Panzerarmee Kommand
Vehicle Survival Package
Armored Reserves
Selects Veteran Gunners
Walking Stuka Rocket Launcher
Walking Stuka Rocket Launcher
Selects Vehicle Awareness
Selects Panzer Storm
Veteran Squad Leaders
Vehicle Awareness
Emergency Repair Kits
Walking Stuka Rocket Launcher
Flak 36 Anti-tank Gun Team
Tiger Heavy Tank
RhumsteaK
King Raptor
SHELDONATOR
Huelebragas
michael
Telling
SniperXXX
Kobisaur
0
0
Comments
sign in to comment!
No comments posted yet!